 Dungeon Crawl Stone Soup version 0.32-a0-859-gb0a091d592 (webtiles) character file.

Game seed: 1210356696523600837

1492115 Ruich the Worldbinder (level 24, 185/185 HPs)
             Began as a Vampire Summoner on Mar 25, 2024.
             Was an Initiate of Gozag.
             Escaped with the Orb
             ... and 3 runes on Mar 27, 2024!
             The game lasted 05:49:32 (81510 turns).

Ruich the Worldbinder (Vampire Summoner)           Turns: 81510, Time: 05:49:32

Health: 185/185    AC: 14    Str: 15    XL:     24   Next: 77%
Magic:  53/53      EV: 23    Int: 21    God:    Gozag
Gold:   557        SH: 20    Dex: 25    Spells: 4/57 levels left

rFire   + + .        V - +7 captain's cutlass {speed, disarm}
rCold   + + .        J - +5 kite shield {reflect}
rNeg    + . .        Z - +1 robe of Vines {NoPotionHeal Regen++++}
rPois   +            A - +2 hat of the Stonemason {rPois Int+3 Dex+6}
rElec   +            b - +2 cloak of the Great Game {rF+ Str+2}
rCorr   +            M - +2 pair of gloves {Stlth+}
SInv    +            o - +2 pair of boots {Stlth+}
Will    +++++        L - amulet of Brilliance {rC+ rN+ Will+ RegenMP+}
Stlth   ++++         Q - ring "Geleef" {rElec rF+ rCorr MP+9 Slay+2}
HPRegen 3.90/turn    H - ring of Siucvuem {^Drain Fly rC+ Will+ Str+6}
MPRegen 0.73/turn

%: reflection
@: flying, healing quickly, hasted, studying 2 skills, very quick
A: alive, fangs 3, see invisible, vampiric 2, clumsy 1, dopey 1, strong-willed
1, screaming 2, weak 1
0: Orb of Zot
}: 3/15 runes: barnacled, slimy, gossamer
a: Exsanguinate, Renounce Religion, Potion Petition, Call Merchant, Bribe Branch


You escaped.
You worshipped Gozag.
Gozag was pleased with you.
You visited 10 branches of the dungeon, and saw 51 of its levels.
You also visited: Gauntlet.

You collected 25711 gold pieces.
You spent 5228 gold pieces at shops.
You paid 19926 gold pieces to Gozag.


Innate Abilities, Weirdness & Mutations

Your natural rate of healing is accelerated.
You have razor-sharp teeth.
You have supernaturally acute eyesight. (SInv)
You are afflicted with vampirism and can become a bat while bloodless.
You are clumsy. (Dex -2)
You are dopey. (Int -2)
You are strong-willed. (Will+)
You frequently scream uncontrollably at your foes.
You are weak. (Str -2)


   Skills:
 + Level 14.0 Fighting
 - Level 9.8(11.8) Short Blades
 - Level 9.6(11.1) Long Blades
 + Level 14.1 Dodging
 + Level 18.6 Stealth
 - Level 15.0 Shields
 - Level 17.3 Spellcasting
 - Level 5.0 Hexes
 - Level 26.4 Summonings
 - Level 14.4 Necromancy
 - Level 5.0 Fire Magic
 - Level 5.0 Air Magic


You had 4 spell levels left.
You knew the following spells:

 Your Spells              Type           Power      Damage    Failure   Level
c - Summon Cactus Giant   Summ           46%        N/A       0%          6
d - Dragon's Call         Summ           46%        N/A       11%         9
f - Summon Forest         Summ/Tloc      32%        N/A       1%          5
h - Summon Hydra          Summ           46%        N/A       1%          7
n - Haunt                 Necr/Summ      40%        N/A       1%          7
p - Dispel Undead         Necr           68%        3d23      1%          4
t - Death Channel         Necr           34%        N/A       2%          6
v - Summon Mana Viper     Hex/Summ       71%        N/A       1%          5
z - Summon Small Mammal   Summ           100%       N/A       0%          1
Y - Call Canine Familiar  Summ           92%        N/A       0%          3

Your spell library contained the following spells:

 Spells                   Type           Power      Damage    Failure   Level
 Call Imp                 Summ           100%       N/A       0%          2
 Martyr's Knell           Necr/Summ      81%        N/A       0%          4
 Slow                     Hex            100%       N/A       1%          1
 Cigotuvi's Dreadful Rot  Necr/Alch/Air  90%        N/A       1%          2
 Sublimation of Blood     Necr           68%        N/A       1%          2
 Fugue of the Fallen      Necr           68%        N/A       1%          3
 Inner Flame              Hex/Fire       39%        N/A       1%          3
 Sigil of Binding         Hex            39%        N/A       1%          3
 Tukima's Dance           Hex            39%        N/A       1%          3
 Animate Armour           Summ/Erth      100%       N/A       1%          4
 Summon Blazeheart Golem  Fire/Summ      71%        N/A       1%          4
 Summon Lightning Spire   Summ/Air       71%        N/A       1%          4
 Mercury Vapours          Alch/Air       56%        N/A       2%          2
 Static Discharge         Conj/Air       56%        3-6/arc   2%          2
 Sandblast                Erth           36%        2d10      5%          1
 Dazzling Flash           Conj/Hex       56%        N/A       5%          3
 Airstrike                Air            19%        2d(3-19)  7%          4
 Blink                    Tloc           36%        N/A       8%          2
 Lesser Beckoning         Tloc           36%        N/A       8%          2
 Momentum Strike          Conj/Tloc      36%        3d9       8%          2
 Searing Ray              Conj           36%        2d5       8%          2
 Mephitic Cloud           Conj/Alch/Air  25%        N/A       8%          3
 Frozen Ramparts          Ice            36%        1d6       16%         3
 Ozocubu's Armour         Ice            18%        N/A       16%         3
 Stone Arrow              Conj/Erth      36%        3d9       16%         3
 Dimensional Bullseye     Hex/Tloc       14%        N/A       19%         4
 Flame Wave               Conj/Fire      28%        2d9       19%         4
 Sticky Flame             Fire/Alch      28%        2d7       19%         4
 Brom's Barrelling Bould  Conj/Erth      18%        2d4       45%         4
 Iskenderun's Mystic Bla Conj/Tloc 18%            2d6        (+2d2     45%         4
 Petrify                  Alch/Erth      18%        N/A       45%         4
 Summon Horrible Things   Summ           46%        N/A       1%          8
 Borgnjor's Vile Clutch   Necr/Erth      24%        N/A       8%          5
 Malign Gateway           Summ/Tloc      32%        N/A       21%         7
 Spellforged Servitor     Conj/Summ      32%        N/A       21%         7
 Arcjolt                  Conj/Air       14%        1d24      45%         5
 Metabolic Englaciation   Hex/Ice        14%        N/A       45%         5
 Freezing Cloud           Conj/Ice/Air   12%        6-21      58%         5
 Infestation              Necr           34%        N/A       67%         8
 Alistair's Intoxication  Alch           12%        N/A       82%         5
 Irradiate                Conj/Alch      9%         3d14      82%         5
 Iskenderun's Battlesphe  Conj           18%        2d7       82%         5
 Lee's Rapid Deconstruct  Erth           9%         3d7*      82%         5
 Bombard                  Conj/Erth      9%         9d2       100%        6
 Dispersal                Tloc           9%         N/A       100%        6
 Eringya's Noxious Bog    Alch           9%         4d6       100%        6
 Permafrost Eruption      Ice/Erth       9%         2x4d4     100%        6
 Sculpt Simulacrum        Ice/Alch       9%         N/A       100%        6
 Manifold Assault         Tloc           9%         N/A       100%        7
 Lehudib's Crystal Spear  Conj/Erth      9%         10d4      100%        8
 Chain Lightning          Conj/Air       14%        3d18      100%        9
 Animate Dead             Necr           Unusable   N/A       N/A         4

Inventory:

Hand Weapons
 V - the +7 captain's cutlass (weapon) {speed, disarm}
   (You took it off a deep elf sorcerer on level 3 of the Elven Halls)
Armour
 b - the +2 cloak of the Great Game (worn) {rF+ Str+2}
   (You found it in a Gauntlet)

   Str+2:     It affects your strength (+2).
   rF+:       It protects you from fire.
 j - the +2 helmet "Rumpil" {*Corrode rElec rN++ Int+4}
   (You found it on level 14 of the Dungeon)

   Int+4:     It affects your intelligence (+4).
   rElec:     It insulates you from electricity.
   rN++:      It greatly protects you from negative energy.
   *Corrode:  It may corrode you when you take damage.
 o - a +2 pair of boots of stealth (worn)
 A - the +2 hat of the Stonemason (worn) {rPois Int+3 Dex+6}
   (You found it on level 6 of the Dungeon)

   Int+3:     It affects your intelligence (+3).
   Dex+6:     It affects your dexterity (+6).
   rPois:     It protects you from poison.
 J - a +5 kite shield of reflection (worn)
 K - a scarf of resistance
 M - a +2 pair of gloves of stealth (worn)
 Z - the +1 robe of Vines (worn) {NoPotionHeal Regen++++}
   (You found it on level 12 of the Dungeon)

   NoPotionHeal: Its wearer cannot be healed by potions.
   Regen++++: It increases your rate of health regeneration.
Jewellery
 k - the amulet of the Oligarchy {rF+ RegenMP+}
   (You acquired it on level 3 of the Shoals)

   [amulet of magic regeneration]

   It increases your rate of magic regeneration.
   rF+:       It protects you from fire.
   RegenMP+:  It increases your rate of magic regeneration.
 s - a ring of willpower
 D - a ring of protection from fire
 H - the ring of Siucvuem (right hand) {^Drain Fly rC+ Will+ Str+6}
   (You acquired it on level 10 of the Dungeon)

   [ring of willpower]

   Str+6:     It affects your strength (+6).
   rC+:       It protects you from cold.
   Will+:     It increases your willpower.
   Fly:       It grants you flight.
   ^Drain:    It drains your maximum health when unequipped.
 L - the amulet of Brilliance (around neck) {rC+ rN+ Will+ RegenMP+}
   (You bought it in a shop on level 1 of the Depths)

   [amulet of magic regeneration]

   It increases your rate of magic regeneration.
   rC+:       It protects you from cold.
   rN+:       It protects you from negative energy.
   Will+:     It increases your willpower.
   RegenMP+:  It increases your rate of magic regeneration.
 O - the ring "Ciegemig" {rElec MP+9 Dex+2}
   (You found it on level 5 of the Pits of Slime)

   [ring of magical power]

   Dex+2:     It affects your dexterity (+2).
   rElec:     It insulates you from electricity.
   MP+9:      It affects your magic capacity (+9).
 P - a ring of wizardry
 Q - the ring "Geleef" (left hand) {rElec rF+ rCorr MP+9 Slay+2}
   (You bought it in a shop on level 2 of the Orcish Mines)

   [ring of magical power]

   Slay+2:    It affects your accuracy & damage with ranged weapons and melee
   (+2).
   rF+:       It protects you from fire.
   rElec:     It insulates you from electricity.
   MP+9:      It affects your magic capacity (+9).
   rCorr:     It protects you from acid and corrosion.
 S - a ring of poison resistance
 T - a ring of positive energy
 U - a ring of protection from cold
Wands
 d - a wand of digging (17)
 h - a wand of quicksilver (34)
 I - a wand of warping (34)
 N - a wand of mindburst (29)
Scrolls
 e - 8 scrolls of noise
 f - 13 scrolls of fog
 i - 4 scrolls of blinking
 m - 12 scrolls of poison
 p - 11 scrolls of vulnerability
 t - a scroll of summoning
 w - 17 scrolls of teleportation {@r2}
 E - 4 scrolls of fear
 W - 6 scrolls of immolation
 Y - 7 scrolls of silence {!r}
Potions
 a - 7 potions of might
 l - a potion of magic
 n - 14 potions of curing {@q1}
 q - 9 potions of ambrosia
 r - 6 potions of berserk rage {!q}
 u - 4 potions of invisibility
 v - 2 potions of haste {@q3}
 z - 3 potions of mutation
 B - 3 potions of cancellation
 C - 4 potions of enlightenment
 F - 6 potions of resistance
 G - 3 potions of brilliance
 R - 10 potions of heal wounds {@q2}
Miscellaneous
 g - a phial of floods
 x - a lightning rod (4/4)
 X - a condenser vane

Dungeon Overview and Level Annotations

Branches:
Dungeon (15/15)            Temple (0/1) D:4            Lair (5/5) D:9
 Shoals (4/4) Lair:2       Spider (4/4) Lair:2        Slime (5/5) Lair:5
    Orc (2/2) D:11            Elf (3/3) Orc:2        Vaults (4/5) D:13
  Crypt (0/3) Vaults:3     Depths (4/4) D:15            Zot (5/5) Depths:4
Gauntlet (visited)

Altars:
Ashenzari
Fedhas
Gozag
Makhleb
Wu Jian
Xom
Yredelemnul
Beogh

Shops:
D:10 *   Orc:2 :*([   Elf:2 :   Shoals:2 *   Shoals:4 ?   Vaults:2 (
Depths:1 ::=   Depths:2 [

Portals:
Hell: Depths:1 Depths:2 Depths:3 Depths:4
Abyss: Depths:1 Depths:3 Depths:4
Pandemonium: Depths:2
Ziggurat: Depths:2

Annotations:
D:7 exclusion: downstairs
D:14 exclusion: downstairs

####.....#########.......#####
####..##.####..#....####.....##..
.##....###.....#.......#.#....#..
.#...........###.###.....##....#.
##...##....###.....###....##...##
#....#....##.........##....#....#
#...#######...#####...##...##...#
#............##(..##...######...#
###############.@.##...#........#
....#........##...##...#....#...#
....##...##...##.##...##...##...#
.....#....##.........##....#....#
##...##....###.....###....##...##
.#....##.....####.##.....##....##
.##....###.....#.......###....##.
..##.....####.......####.....##..
...##.....[.##.#.####.......####.


There were no monsters in sight!


Message History

Aiming: Dig
Press: ? - help, Shift-Dir - straight line A rock wall.
This square is covered in magical glow.
The rock shatters into small pieces.
An Orb Guardian comes into view.
Aiming: Dig
Press: ? - help, Shift-Dir - straight line A rock wall.
This square is covered in magical glow.
The rock shatters into small pieces.
You feel yourself speed up. You block the Orb Guardian's attack.
The Orb Guardian attacks as it pursues you!
You block the Orb Guardian's attack.
The Orb Guardian attacks as it pursues you!
You block the Orb Guardian's attack.
The Orb Guardian attacks as it pursues you!
You block the Orb Guardian's attack.
There is a stone staircase leading up here.
HP restored.
You fly upwards.
There is a stone staircase leading down here.
There is a stone staircase leading down here.
Aiming: Dig
Press: ? - help, Shift-Dir - straight line A rock wall.
This square is covered in magical glow.
The rock shatters into small pieces.
There is a staircase leading out of the dungeon here.
You have escaped!

Skill      XL: |  1  2  3  4  5  6  7  8  9 10 11 12 13 14 15 16 17 18 19 20 21 22 23 24 |
---------------+-------------------------------------------------------------------------+-----
Summonings     | 5 6 7 8 9 11 12 13 16 17 18 20 21 23 25 26 | 26.4
Spellcasting   | 3 4 5 6 7 8 9 10 12 15 16 17 | 17.3
Air Magic      | 2 3 4 5 |  5.0
Stealth        | 5 6 8 9 10 12 15 18 | 18.6
Fire Magic     | 1 2 3 5 |  5.0
Long Blades    | 1 6 9 |  9.6
Fighting       | 3 5 7 8 10 12 14 | 14.0
Short Blades   | 6 8 9 |  9.8
Dodging        | 5 6 9 10 11 14 | 14.1
Hexes          | 4 5 |  5.0
Shields        | 3 9 11 12 14 15 | 15.0
Necromancy     | 3 11 13 14 | 14.4

Action                     |  1- 3 |  4- 6 |  7- 9 | 10-12 | 13-15 | 16-18 | 19-21 | 22-24 || total
---------------------------+-------+-------+-------+-------+-------+-------+-------+-------++-------
  Melee: Dagger            |    36 |    58 |   112 |    46 |       |       |       |       ||   252
         Unarmed           |     7 |       |       |       |       |       |       |       ||     7
         Bite              |     3 |     5 |    16 |    36 |    93 |   199 |   178 |   106 ||   636
         Rapier            |       |       |       |   130 |   551 |   943 |    77 |       ||  1701
         Cutlass           |       |       |       |       |       |       |   825 |   436 ||  1261
  Throw: Dart              |     1 |       |       |       |       |       |       |       ||     1
   Cast: Summon Small Mamm |    34 |    20 |     7 |     2 |     4 |       |       |       ||    67
         Call Canine Famil |     5 |    12 |    12 |     6 |    15 |     9 |       |       ||    59
         Summon Lightning  |       |     7 |    19 |    33 |    34 |    18 |       |       ||   111
         Summon Blazeheart |       |       |    13 |    74 |    42 |    11 |       |       ||   140
         Summon Hydra      |       |       |       |       |   206 |   275 |   105 |    28 ||   614
         Death Channel     |       |       |       |       |       |    43 |    71 |    53 ||   167
         Summon Cactus Gia |       |       |       |       |       |     6 |    86 |    30 ||   122
         Summon Forest     |       |       |       |       |       |     4 |    67 |    16 ||    87
         Summon Mana Viper |       |       |       |       |       |     3 |    86 |    25 ||   114
         Haunt             |       |       |       |       |       |       |    38 |     6 ||    44
         Dragon's Call     |       |       |       |       |       |       |     3 |    60 ||    63
         Dispel Undead     |       |       |       |       |       |       |       |     2 ||     2
 Invoke: Potion Petition   |       |       |       |     1 |     1 |     1 |     1 |       ||     4
         Call Merchant     |       |       |       |       |       |     1 |       |       ||     1
         Bribe Branch      |       |       |       |       |       |     1 |       |     5 ||     6
Ability: Exsanguinate      |     1 |       |       |       |     1 |       |       |       ||     2
         End Transformatio |       |       |     1 |       |       |       |       |       ||     1
         Bat Form          |       |       |     1 |       |       |       |       |       ||     1
         Revivify          |       |       |       |     1 |     1 |       |       |       ||     2
  Evoke: Wand              |       |       |       |    11 |     3 |    10 |       |     6 ||    30
    Use: Scroll            |       |     1 |    18 |    15 |    12 |    16 |     6 |    12 ||    80
         Potion            |       |       |       |     1 |     2 |     2 |     2 |     5 ||    12
   Stab: Sleeping          |     4 |     6 |    16 |    10 |    22 |    29 |    22 |     1 ||   110
         Distracted        |     1 |     4 |     6 |     4 |    18 |    39 |    40 |    31 ||   143
         Petrified         |       |       |       |     2 |     3 |       |       |       ||     5
         Betrayed ally     |       |       |       |       |     1 |       |       |       ||     1
         Invisible         |       |       |       |       |       |     2 |     3 |       ||     5
         Fleeing           |       |       |       |       |       |       |     1 |       ||     1
 Armour: Robe              |    63 |    40 |    97 |   185 |   358 |   586 |   447 |   292 ||  2068
  Dodge: Dodged            |    37 |    38 |   116 |   166 |   524 |   803 |   362 |   233 ||  2279
  Block: Buckler           |       |       |       |    44 |   106 |       |       |       ||   150
         Kite shield       |       |       |       |       |   194 |   781 |   705 |   405 ||  2085
         Reflection        |       |       |       |       |       |       |    45 |     5 ||    50

Levels and vault maps discovered:
D:1:      dpeg_arrival_circle_labyrinth_b, layout_rooms, st_stairs_7,
          hangedman_feature_mirror, glass_columns_a
D:2:      cheibrodos_greedy_goblins, layout_basic, serial_corexii_hall,
          corexii_hall_statues_s, corexii_hall_statues_i
D:3:      layout_loops_ring, chequers_temple_overflow_statue_of_worship,
          shapermc_ecumenical_altar_acropolis, serial_bayou_lagoon_a
D:4:      layout_rooms, minmay_temple_entry_overgrown, nicolae_half_adder,
          uniq_pikel, uniq_edmund
D:5:      layout_rooms, nicolae_xom_altar_mimics, minmay_joined_circles
D:6:      layout_loops_ring
D:7:      layout_layer_cave, enter_ossuary_4, supply_closet_lemuel,
          kennysheep_potato, uniq_maggie
D:8:      layout_rooms, chequers_avenue, uniq_joseph, uniq_psyche, uniq_erica
D:9:      layout_loops_corners, dpeg_oklobed_lair, hellmonk_ghost_big_iron,
          serial_shops, nicolae_stop_n_shop_1
D:10:     layout_basic, serial_shops, nicolae_shop_dealshenge,
          serial_bayou_lake_a
D:11:     layout_roguey, orc_0_dummy, serial_bayou, serial_bayou_pond_d,
          serial_bayou_pond_d, serial_bayou_shore_a, serial_bayou_crossing,
          grunt_decor_mini_mirrors, uniq_erolcha
D:12:     layout_irregular_city, serial_undead, serial_undead_c,
          serial_undead_f, serial_undead_b, serial_undead_e, serial_undead_d,
          serial_undead_a, serial_undead_b, gauntlet_entry_generic,
          hellmonk_guarded_unrand_vines, uniq_urug
D:13:     layout_long_grid, erik_vaults_2, uniq_sonja
D:14:     layout_roguey, nzn_wu_jian_contemplation
D:15:     hellmonk_depths_entry_around_the_bend, layout_cave_pools,
          corexii_hall_statues_i
Lair:1:   layout_loops_ring, infiniplex_staircase_pool_2
Lair:2:   layout_layer_cave, nicolae_shoals_entry_flooding,
          spider_nest_entry_rubble, grunt_megastairs_4
Lair:3:   layout_concentric_octagons, grunt_megastairs_2, uniq_nessos
Lair:4:   layout_roguey
Lair:5:   evilmike_catoblepas_cave, layout_loops_ring,
          nicolae_slime_entry_field_trip, chequers_serial_rivers_small_a,
          lemuel_fruit_tree
Shoals:1: layout_shoals, uniq_aizul
Shoals:2: layout_shoals, nicolae_shoals_stone_sculpture_thing,
          wheals_shoals_ruined_temple, uniq_ilsuiw, uniq_roxanne
Shoals:3: layout_shoals, uniq_bai_suzhen
Shoals:4: shoals_end_hangedman, layout_shoals, serial_shops,
          nicolae_shop_hallway_stairs
Spider:1: layout_spider_delve, drop_trap
Spider:2: layout_cave_pods
Spider:3: layout_spider_delve
Spider:4: grunt_spider_rune_island, uniq_arachne
Slime:1:  layout_caves
Slime:2:  layout_caves
Slime:3:  layout_caves
Slime:4:  layout_caves
Slime:5:  slime_pit_nicolae_amoeboid
Orc:1:    layout_caves, basic_altar, nicolae_orc_quarried_blocks
Orc:2:    st_orc_open, layout_caves, mines2_david
Elf:1:    layout_onion_city, nicolae_elf_crossing_hall, wad_dig_loot
Elf:2:    elven_hall_of_blades_hangedman_original
          [nicolae_blade_entry_hurt_lockers], layout_gridlike, serial_shops,
          nicolae_shop_drivethru, uniq_donald
Elf:3:    minmay_elf_hall_dome, layout_rooms, uniq_nikola, uniq_saint_roka
Vaults:1: infiniplex_enter_wizlab_glasses, ontoclasm_vaults_hangar,
          nicolae_vaults_cochlea, v_pattern_4, nicolae_vaults_puzzle_piece,
          nicolae_vaults_shelves_hall, nicolae_vaults_storage_room_water,
          hangedman_vaults_slice, layout_vaults_chaotic_city, uniq_zenata
Vaults:2: nicolae_vaults_taking_the_gang_shopping, hangedman_vaults_locks,
          v_misc_26, nicolae_vaults_variable_pillar_hall,
          nicolae_vaults_little_squares_4, ontoclasm_vaults_decontamination,
          ontoclasm_vaults_shuriken, nicolae_vaults_ring_of_whatevers,
          vaults_dpeg_ring, nicolae_vaults_security_offices_1,
          layout_vaults_omnigrid
Vaults:3: minmay_crypt_entry_simple_sparse, nicolae_vaults_twisting_passages,
          nicolae_vaults_little_squares_5, vaults_room_stairs_pillars,
          hangedman_vaults_stream, nicolae_vaults_network_square,
          nicolae_vaults_house_3, v_misc_3, layout_vaults_big_cross
Vaults:4: v_misc_11, minmay_orc_keep, vaults_mumra_hex,
          nicolae_vaults_little_squares_1, nicolae_vaults_apartment_2,
          nicolae_vaults_mitosis, nicolae_vaults_offset_grid_hallway_2,
          nicolae_vaults_turnstiles, st_cells, nicolae_vaults_diamond_1,
          layout_vaults_ring
Depths:1: layout_cave_shapes, lemuel_statue_altar,
          abyss_entry_small_statue_room, hell_entry,
          hangedman_abyss_or_decor_lesser_grid, grunt_gozag_statues,
          minmay_shop_grove
Depths:2: minmay_three_patterns, layout_basic, enter_ziggurat_f,
          rand_demon_pan_entry_4, serial_shops, nicolae_take_the_stairs,
          fedhas_altar_2, grunt_hell_entry_dis_old
Depths:3: nooodl_heptagram, layout_cave_pools, hell_entry, abyss_entry,
          kennysheep_doodads
Depths:4: evilmike_zot_entry_gauntlet, layout_gridlike,
          nicolae_abyss_entry_one_way_or_another, nicolae_tricolors,
          hangedman_tar_grid_catacomb, chequers_serial_rivers_small_b,
          eino_curves_03
Zot:1:    layout_misc_corridors
Zot:2:    layout_basic
Zot:3:    layout_misc_corridors
Zot:4:    layout_misc_corridors, lemuel_golem_globe
Zot:5:    layout_twisted_circle

Notes
Turn   | Place    | Note
-------+----------+-------------------------------------------
     0 | D:1      | Ruich the Vampire Summoner began the quest for the Orb.
     0 | D:1      | Reached XP level 1. HP: 13/13 MP: 3/3
   462 | D:1      | HP: 1/13 [constriction (2)]
   488 | D:1      | Reached XP level 2. HP: 13/19 MP: 1/5
   974 | D:2      | Gained mutation: You are afflicted with vampirism and can
                  | become a bat while bloodless. [Vampire growth]
   974 | D:2      | Reached XP level 3. HP: 19/19 MP: 6/6
  1125 | D:2      | Learned a level 3 spell: Call Canine Familiar
  1699 | D:3      | Reached skill level 5 in Summonings
  1706 | D:3      | Reached XP level 4. HP: 24/24 MP: 3/8
  1917 | D:3      | Found a faded altar of an unknown god.
  2145 | D:3      | Learned a level 4 spell: Summon Lightning Spire
  2242 | D:3      | Found an opulent altar of Gozag.
  2242 | D:3      | Found an ornate altar of the Wu Jian Council.
  2242 | D:3      | Found a burning altar of Makhleb.
  2242 | D:3      | Found a basalt altar of Yredelemnul.
  2253 | D:3      | Became a worshipper of Gozag Ym Sagoz the Greedy
  2547 | D:4      | Reached skill level 3 in Spellcasting
  2623 | D:4      | HP: 1/24 [iguana (7)]
  3156 | D:4      | Reached XP level 5. HP: 28/28 MP: 2/9
  3335 | D:4      | Reached skill level 1 in Air Magic
  3519 | D:4      | Noticed a lemure
  3520 | D:4      | Noticed a lemure
  3524 | D:4      | Noticed a lemure
  3525 | D:4      | Noticed a lemure
  3526 | D:4      | Reached skill level 4 in Stealth
  3528 | D:4      | Killed a lemure
  3931 | D:4      | Killed a lemure
  3936 | D:4      | Killed a lemure
  3962 | D:4      | Noticed Pikel
  3963 | D:4      | Killed a lemure
  4096 | D:3      | Killed Pikel
  4097 | D:3      | Reached skill level 5 in Stealth
  4097 | D:3      | Reached skill level 6 in Summonings
  4097 | D:3      | Reached skill level 2 in Air Magic
  4097 | D:3      | Reached XP level 6. HP: 4/32 MP: 0/11
  4097 | D:3      | Reached XP level 7. HP: 4/36 MP: 0/12
  4108 | D:3      | Learned a level 4 spell: Summon Blazeheart Golem
  4474 | D:4      | Reached skill level 4 in Spellcasting
  4636 | D:4      | Noticed Edmund
  4644 | D:4      | Killed Edmund
  4645 | D:4      | Reached skill level 6 in Stealth
  4697 | D:4      | Found a staircase to the Ecumenical Temple.
  4721 | D:4      | Reached skill level 7 in Summonings
  4721 | D:4      | Reached skill level 3 in Air Magic
  4922 | D:5      | Entered Level 5 of the Dungeon
  4955 | D:5      | Found a shimmering altar of Xom.
  4955 | D:5      | Found a shimmering altar of Xom.
  4976 | D:5      | Reached skill level 1 in Fire Magic
  5070 | D:5      | Identified the ring "Ekheduac" {Ice rN+ Dex+2}
  5169 | D:5      | Found a shimmering altar of Xom.
  5169 | D:5      | Found a shimmering altar of Xom.
  5173 | D:5      | Found a shimmering altar of Xom.
  5176 | D:5      | Found a shimmering altar of Xom.
  5176 | D:5      | Found a shimmering altar of Xom.
  5312 | D:5      | Noticed a nameless horror
  5323 | D:5      | Killed a nameless horror
  5557 | D:5      | Reached XP level 8. HP: 41/41 MP: 14/14
  5656 | D:5      | Reached skill level 7 in Stealth
  5730 | D:5      | Reached skill level 2 in Fire Magic
  5882 | D:5      | Reached skill level 8 in Summonings
  6135 | D:5      | You fall into a shaft and drop 3 floors!
  6281 | D:5      | Reached skill level 4 in Air Magic
  6359 | D:6      | Reached skill level 5 in Spellcasting
  6534 | D:6      | HP: 4/41 [sky beast (5)]
  6781 | D:6      | Reached skill level 8 in Stealth
  6781 | D:6      | Reached XP level 9. HP: 30/45 MP: 12/16
  7020 | D:6      | Reached skill level 3 in Fire Magic
  7021 | D:6      | Reached skill level 9 in Summonings
  7109 | D:6      | Identified the +2 hat of the Stonemason {rPois Int+3 Dex+6}
  7290 | D:6      | Reached skill level 5 in Air Magic
  7581 | D:7      | Reached skill level 9 in Stealth
  7609 | D:7      | Noticed Maggie
  7618 | D:7      | Killed Maggie
  7773 | D:7      | Reached skill level 6 in Spellcasting
  7974 | D:7      | Reached XP level 10. HP: 41/50 MP: 11/19
  7979 | D:7      | Reached skill level 4 in Fire Magic
  8146 | D:7      | Reached skill level 10 in Summonings
  9005 | D:8      | Noticed Psyche
  9008 | D:8      | Reached skill level 10 in Stealth
  9011 | D:8      | Killed Psyche
  9030 | D:8      | Noticed Erica
  9268 | D:8      | Noticed Joseph
  9750 | D:8      | Killed Joseph
  9751 | D:8      | Reached skill level 11 in Summonings
  9757 | D:8      | Reached skill level 5 in Fire Magic
  9766 | D:8      | Reached skill level 7 in Spellcasting
  9879 | D:8      | Killed Erica
 10389 | D:8      | Found the +15 Maxwell's patent armour {-Cast -Tele rElec
                  | Will+ rCorr}
 10677 | D:9      | Reached skill level 1 in Long Blades
 10695 | D:9      | Reached XP level 11. HP: 34/55 MP: 20/22
 10826 | D:9      | Found a staircase to the Lair.
 11126 | D:9      | Found a runed translucent door.
 11126 | D:9      | Noticed smashvw's ghost (novice TrFi)
 11404 | D:9      | Reached skill level 1 in Fighting
 11488 | D:9      | Found Igiekox's Jewellery Shop.
 11727 | D:9      | Reached skill level 1 in Short Blades
 11885 | D:10     | Entered Level 10 of the Dungeon
 11902 | D:10     | Reached skill level 3 in Dodging
 11909 | D:10     | Noticed a two-headed ogre
 11924 | D:10     | Killed a two-headed ogre
 11925 | D:10     | Reached skill level 2 in Short Blades
 12087 | D:10     | Found Nyrius's Assorted Antiques.
 12093 | D:10     | Bought a buckler for 153 gold pieces
 12093 | D:10     | Bought a translucent ring mail for 306 gold pieces
 12093 | D:10     | Identified the +0 ring mail "Xenuotell" {rF- rCorr Dex+2}
                  | (You bought it in a shop on level 10 of the Dungeon)
 12215 | D:10     | HP: 4/57 [electric eel/bolt of electricity (7)]
 12655 | D:10     | Reached skill level 3 in Short Blades
 12693 | D:10     | Reached skill level 2 in Fighting
 13681 | D:10     | Identified a scroll of acquirement
 13683 | D:10     | Acquired the ring of Siucvuem {^Drain Fly rC+ Will+ Str+6}
 13728 | Lair:1   | Entered Level 1 of the Lair of Beasts
 13786 | Lair:1   | Reached skill level 12 in Summonings
 13804 | Lair:1   | Reached skill level 4 in Dodging
 13926 | Lair:1   | Reached skill level 4 in Short Blades
 13963 | Lair:1   | Noticed a catoblepas
 13972 | Lair:1   | Reached skill level 8 in Spellcasting
 13972 | Lair:1   | HP: 1/59 [catoblepas (22)]
 14211 | Lair:1   | Reached skill level 3 in Fighting
 14211 | Lair:1   | Reached skill level 5 in Short Blades
 14798 | Lair:1   | Killed a catoblepas
 15293 | Lair:2   | Reached skill level 5 in Dodging
 15315 | Lair:2   | Reached skill level 6 in Short Blades
 15324 | Lair:2   | Reached XP level 12. HP: 68/83 MP: 10/24
 15743 | Lair:2   | Noticed a boulder beetle
 15813 | Lair:2   | Reached skill level 4 in Fighting
 15857 | Lair:2   | Found a hole to the Spider Nest.
 15887 | Lair:2   | Reached skill level 7 in Short Blades
 16193 | Lair:2   | Reached skill level 6 in Dodging
 16294 | Lair:2   | Killed a boulder beetle
 16697 | Lair:2   | Learned a level 3 spell: Tukima's Dance
 17233 | Lair:3   | Reached skill level 8 in Short Blades
 17233 | Lair:3   | Reached skill level 1 in Hexes
 17324 | Lair:3   | Noticed Nessos
 17348 | Lair:3   | Killed Nessos
 17349 | Lair:3   | Reached skill level 2 in Hexes
 17485 | Lair:3   | Reached skill level 3 in Hexes
 17485 | Lair:3   | Reached skill level 13 in Summonings
 17486 | Lair:3   | Reached skill level 5 in Fighting
 17499 | Lair:3   | Reached skill level 9 in Spellcasting
 17954 | Lair:3   | Noticed a five-headed hydra
 17963 | Lair:3   | Killed a five-headed hydra
 17964 | Lair:3   | Reached skill level 4 in Hexes
 17985 | Lair:3   | Learned a level 7 spell: Summon Hydra
 18584 | Lair:4   | Reached XP level 13. HP: 51/91 MP: 18/26
 18818 | Lair:4   | Reached skill level 5 in Hexes
 19142 | Lair:4   | Reached skill level 14 in Summonings
 19230 | Lair:4   | Acquired a manual of Hexes
 19759 | Lair:5   | Entered Level 5 of the Lair of Beasts
 19897 | Lair:5   | Found a staircase to the Slime Pits.
 19952 | Lair:5   | Reached skill level 10 in Spellcasting
 20250 | Lair:5   | Reached skill level 15 in Summonings
 21543 | Lair:5   | HP: 8/91 [death yak (20)]
 22234 | Lair:5   | Reached skill level 16 in Summonings
 22545 | Lair:5   | Reached XP level 14. HP: 98/98 MP: 13/28
 22881 | D:9      | Killed smashvw's ghost
 23002 | D:11     | Identified the +3 mace of Lots {heavy, +Blink Str+3}
 23536 | D:11     | Found a staircase to the Orcish Mines.
 23549 | D:11     | Noticed Erolcha
 23554 | D:11     | Killed Erolcha
 23555 | D:11     | Reached skill level 7 in Dodging
 24491 | D:12     | Reached skill level 6 in Fighting
 24526 | D:12     | Found a gate leading to a gauntlet.
 24535 | Gauntlet | Entered a Gauntlet
 24535 | Gauntlet | Found a transporter.
 24546 | Gauntlet | Found a transporter.
 24548 | Gauntlet | Found a transporter.
 24550 | Gauntlet | Found a transporter.
 24576 | Gauntlet | Found a transporter.
 24591 | Gauntlet | Found a transporter.
 24593 | Gauntlet | Found a transporter.
 24627 | Gauntlet | Found a transporter.
 24634 | Gauntlet | Found a transporter.
 24697 | Gauntlet | Found a transporter.
 24712 | Gauntlet | Found a transporter.
 24717 | Gauntlet | Noticed a cacodemon
 24718 | Gauntlet | Found a transporter.
 25022 | Gauntlet | Identified the amulet of Descent {Acrobat Fly Int+3 Dex+2}
 25411 | Gauntlet | Found a transporter.
 25446 | Gauntlet | Killed a cacodemon
 25447 | Gauntlet | Reached skill level 8 in Dodging
 25629 | Gauntlet | Identified the +2 cloak of the Great Game {rF+ Str+2}
 25683 | Gauntlet | Found a transporter.
 25687 | Gauntlet | Found a transporter.
 26355 | D:12     | Reached skill level 17 in Summonings
 26835 | D:12     | Found the +1 robe of Vines {NoPotionHeal Regen++++}
 27000 | D:12     | Noticed Urug
 27008 | D:12     | Killed Urug
 27288 | D:12     | HP: 7/80 [manticore (2)]
 27288 | D:12     | HP: 2/80 [manticore (5)]
 27667 | D:12     | Reached skill level 7 in Fighting
 27698 | D:12     | Upgraded the game from 0.32-a0-834-geaf45d8e21 to
                  | 0.32-a0-841-g4648e6c457
 28019 | D:13     | Reached skill level 1 in Shields
 28036 | D:13     | Reached skill level 9 in Dodging
 28606 | D:13     | Noticed Sonja
 28612 | D:13     | Killed Sonja
 28613 | D:13     | Reached skill level 2 in Shields
 29023 | D:13     | Found a gate to the Vaults.
 29508 | D:13     | Identified the +4 rapier "Qeroos" {flame, rN++ Dex+2}
 30023 | D:13     | Reached skill level 3 in Shields
 30088 | D:14     | Reached XP level 15. HP: 98/110 MP: 29/29
 30660 | D:14     | Identified the +2 helmet "Rumpil" {*Corrode rElec rN++
                  | Int+4}
 30837 | D:14     | Reached skill level 9 in Short Blades
 30918 | D:14     | Found an ornate altar of the Wu Jian Council.
 31064 | D:15     | Entered Level 15 of the Dungeon
 31182 | D:15     | Reached skill level 8 in Fighting
 31232 | D:15     | Reached skill level 10 in Dodging
 31936 | D:14     | Reached skill level 4 in Shields
 32208 | D:15     | Identified a potion of resistance
 32530 | D:15     | Found a staircase to the Depths.
 32554 | D:15     | Reached skill level 5 in Shields
 33033 | Orc:1    | Entered Level 1 of the Orcish Mines
 33045 | Orc:1    | Found a roughly hewn altar of Beogh.
 33238 | Orc:2    | Entered Level 2 of the Orcish Mines
 33442 | Orc:2    | Found a staircase to the Elven Halls.
 33746 | Orc:1    | Reached skill level 6 in Shields
 34239 | Orc:2    | Found Hosey's Book Shoppe.
 34567 | Orc:2    | Reached skill level 7 in Shields
 35018 | Orc:1    | Reached skill level 8 in Shields
 35128 | Orc:2    | Found Evigo's Assorted Antiques.
 35550 | Orc:2    | Found Lustras's Weapon Shop.
 35559 | Orc:2    | Found Jamm's Armour Emporium.
 35841 | Orc:2    | Found a roughly hewn altar of Beogh.
 36294 | Orc:2    | Bought a flickering pewter ring for 125 gold pieces
 36294 | Orc:2    | Identified the ring "Geleef" {rElec rF+ rCorr MP+9 Slay+2}
                  | (You bought it in a shop on level 2 of the Orcish Mines)
 36330 | Orc:2    | Bought the +1 pair of boots of the Demon Prince {Str+6} for
                  | 407 gold pieces
 36360 | Orc:2    | Learned a level 6 spell: Death Channel
 36500 | Spider:1 | Entered Level 1 of the Spider Nest
 36596 | Lair:2   | Reached skill level 1 in Necromancy
 36830 | Spider:1 | Reached skill level 2 in Necromancy
 36948 | Spider:1 | Reached skill level 9 in Shields
 37058 | Spider:1 | Reached skill level 3 in Necromancy
 37079 | Spider:1 | Reached XP level 16. HP: 117/117 MP: 9/30
 37342 | Spider:1 | Reached skill level 4 in Necromancy
 37815 | Spider:1 | Reached skill level 5 in Necromancy
 38392 | Spider:2 | Reached skill level 6 in Necromancy
 38924 | Spider:2 | Reached skill level 7 in Necromancy
 39706 | Spider:1 | Reached skill level 10 in Shields
 39981 | Spider:2 | Reached skill level 8 in Necromancy
 40748 | Spider:3 | Reached skill level 9 in Necromancy
 41350 | Spider:3 | Reached skill level 10 in Necromancy
 42025 | Spider:4 | Entered Level 4 of the Spider Nest
 42073 | Spider:4 | Noticed Arachne
 42083 | Spider:4 | Killed Arachne
 42084 | Spider:4 | Reached skill level 11 in Shields
 42084 | Spider:4 | Reached skill level 11 in Necromancy
 42221 | Spider:4 | Reached XP level 17. HP: 107/122 MP: 16/31
 42490 | Spider:4 | Reached skill level 12 in Necromancy
 42666 | Spider:4 | Identified the +1 dagger "Fish" {freeze, rPois Str+3}
 43800 | Spider:4 | Reached skill level 13 in Necromancy
 44920 | Spider:4 | Got a gossamer rune of Zot
 45113 | Shoals:1 | Entered Level 1 of the Shoals
 45129 | Shoals:1 | Reached skill level 12 in Shields
 45133 | Shoals:1 | Reached skill level 2 in Long Blades
 45141 | Shoals:1 | Identified the serpent talisman of Context {rCorr}
 45141 | Shoals:1 | Noticed Aizul
 45157 | Shoals:1 | Killed Aizul
 45246 | Shoals:1 | Identified the +0 ring mail of the Wasteland {rF+ rC+
                  | Will-}
 45384 | Shoals:1 | Reached skill level 3 in Long Blades
 46437 | Shoals:2 | Noticed Roxanne
 46459 | Shoals:2 | Reached skill level 4 in Long Blades
 46463 | Shoals:2 | Killed Roxanne
 46464 | Shoals:2 | Reached skill level 9 in Fighting
 46708 | Shoals:2 | Noticed Ilsuiw
 48325 | Shoals:2 | Killed Ilsuiw
 48794 | Shoals:2 | Bought a scroll of fog for 132 gold pieces
 48794 | Shoals:2 | Bought a potion of invisibility for 264 gold pieces
 48794 | Shoals:2 | Bought a scroll of teleportation for 99 gold pieces
 48794 | Shoals:2 | Bought a potion of resistance for 330 gold pieces
 48794 | Shoals:2 | Bought a potion of invisibility for 264 gold pieces
 49138 | Shoals:2 | Reached skill level 5 in Long Blades
 49257 | Shoals:2 | Found a burning altar of Makhleb.
 49267 | Shoals:2 | Noticed a kraken
 49281 | Shoals:2 | Killed a kraken
 50069 | Shoals:3 | Reached skill level 6 in Long Blades
 50072 | Shoals:3 | Acquired the amulet of the Oligarchy {rF+ RegenMP+}
 50197 | Shoals:3 | Identified the +3 leather armour of Wrong Decisions {rElec
                  | rN+}
 50278 | Shoals:3 | Reached skill level 10 in Fighting
 50300 | Shoals:3 | Reached XP level 18. HP: 134/134 MP: 11/32
 50434 | Shoals:3 | Reached skill level 7 in Long Blades
 50515 | Shoals:3 | Noticed Bai Suzhen
 50655 | Shoals:3 | Killed Bai Suzhen
 50672 | Shoals:3 | Reached skill level 8 in Long Blades
 50939 | Shoals:3 | Identified the +1 battleaxe of Stickiness {spect, Dex+2
                  | Stlth+}
 51214 | Shoals:4 | Entered Level 4 of the Shoals
 51214 | Shoals:4 | Found Hitasell's Magic Scroll Emporium.
 51218 | Shoals:4 | Bought a scroll of revelation for 97 gold pieces
 51218 | Shoals:4 | Bought a scroll of enchant weapon for 97 gold pieces
 51218 | Shoals:4 | Bought a scroll of fog for 52 gold pieces
 51218 | Shoals:4 | Bought a scroll of blinking for 97 gold pieces
 51218 | Shoals:4 | Bought a scroll of enchant armour for 97 gold pieces
 51264 | Shoals:4 | Reached skill level 13 in Shields
 51269 | Shoals:4 | Got the Encyclopedia of the Curse and the End
 51330 | Shoals:4 | Paralysed by a formless jellyfish for 1 turns
 51337 | Shoals:4 | Identified the +12 falchion "Qiobenos" {drain, Dex+3}
 51564 | Shoals:4 | Reached skill level 9 in Long Blades
 51579 | Shoals:4 | Got a barnacled rune of Zot
 51691 | Shoals:4 | Got the Teachings on Exothermic Topography
 52377 | Shoals:4 | Learned a level 8 spell: Infestation
 52560 | Elf:1    | Entered Level 1 of the Elven Halls
 53790 | Elf:2    | Reached skill level 14 in Necromancy
 54189 | Elf:2    | Paralysed by an air elemental for 1 turns
 54575 | Elf:2    | Found a transporter.
 54575 | Elf:2    | Found Qecsecsa's Book Boutique.
 54583 | Elf:2    | Found a transporter.
 54588 | Elf:2    | Bought a book of the Wilderness for 456 gold pieces
 54588 | Elf:2    | Bought the Tome of Distant Shores for 576 gold pieces
 54597 | Elf:2    | Learned a level 6 spell: Summon Cactus Giant
 54604 | Elf:2    | Learned a level 5 spell: Summon Forest
 54610 | Elf:2    | Learned a level 5 spell: Summon Mana Viper
 54758 | Elf:2    | Found a runed translucent gate.
 54758 | Elf:2    | Found a runed translucent gate.
 54758 | Elf:2    | Found a runed translucent gate.
 54888 | Elf:2    | Noticed Donald
 54923 | Elf:2    | Killed Donald
 54935 | Elf:2    | Reached skill level 18 in Summonings
 55196 | Elf:2    | Reached skill level 14 in Shields
 55402 | Elf:3    | Entered Level 3 of the Elven Halls
 55441 | Elf:3    | Reached XP level 19. HP: 142/142 MP: 33/33
 55529 | Elf:3    | Noticed Nikola
 55539 | Elf:3    | Killed Nikola
 55541 | Elf:3    | Reached skill level 11 in Spellcasting
 55723 | Elf:3    | Noticed Saint Roka
 55737 | Elf:3    | Killed Saint Roka
 56629 | Elf:3    | Noticed a Tzitzimitl
 56944 | Elf:3    | Noticed a Brimstone Fiend
 57083 | Elf:3    | Reached skill level 19 in Summonings
 57493 | Elf:3    | Got Ucash's Opusculum on the Intense Crucible
 57508 | Elf:3    | Got the Excursus on the Angular Lungs
 57510 | Elf:3    | Identified the +1 ring mail of Gulio {Will+ Int+2 Dex+3}
 57513 | Elf:3    | Identified the staff "Oxotrogo" {rPois Will+ Dex-3 Stlth+
                  | Conj Alchemy}
 57893 | Vaults:1 | Entered Level 1 of the Vaults
 58418 | Vaults:1 | Reached skill level 12 in Spellcasting
 58599 | Vaults:1 | Noticed Zenata
 58614 | Vaults:1 | Killed Zenata
 58947 | Vaults:1 | Reached skill level 15 in Shields
 59736 | Vaults:2 | Reached skill level 20 in Summonings
 59736 | Vaults:2 | Reached XP level 20. HP: 148/148 MP: 22/36
 60292 | Vaults:2 | Found Daoh's Weapon Shoppe.
 60531 | Vaults:2 | Reached skill level 13 in Spellcasting
 61212 | Vaults:2 | Learned a level 7 spell: Haunt
 61656 | Vaults:3 | Reached skill level 14 in Spellcasting
 62126 | Vaults:3 | Found a staircase to the Crypt.
 63315 | Vaults:4 | Got the Guidebook on the Postmortem Wind
 63515 | Vaults:4 | Reached skill level 21 in Summonings
 64113 | Vaults:4 | Identified a +0 robe of resistance
 64121 | Vaults:4 | Reached skill level 15 in Spellcasting
 64137 | Vaults:4 | Reached XP level 21. HP: 139/154 MP: 16/40
 64739 | Depths:1 | Entered Level 1 of the Depths
 64885 | Depths:1 | You are sucked into a shaft and drop 1 floor!
 64885 | Depths:2 | Found a one-way gateway to a ziggurat.
 64993 | Depths:1 | Found an opulent altar of Gozag.
 65140 | Depths:1 | Reached skill level 22 in Summonings
 65142 | Depths:1 | Found a gateway to Hell.
 65583 | Depths:1 | Found Wischan's Book Shop.
 65584 | Depths:1 | Found Letaph's Jewellery Emporium.
 65585 | Depths:1 | Found Dighoc Qega's Book Shop.
 65594 | Depths:1 | Bought the amulet of Brilliance {rC+ rN+ Will+ RegenMP+}
                  | for 1076 gold pieces
 65611 | Depths:1 | Bought a ring of wizardry for 600 gold pieces
 65641 | Depths:1 | Learned a level 9 spell: Dragon's Call
 65916 | Depths:1 | Found a broken altar of Ashenzari.
 66169 | Depths:1 | Found a one-way gate to the infinite horrors of the Abyss.
 66488 | Depths:2 | Found a blossoming altar of Fedhas.
 66557 | Depths:2 | Noticed a caustic shrike
 66597 | Depths:2 | Killed a caustic shrike
 67077 | Depths:2 | Found Geblarph's Antique Armour Shop.
 67352 | Depths:2 | Found a one-way gate leading to the halls of Pandemonium.
 67638 | Depths:3 | Reached skill level 16 in Spellcasting
 67654 | Depths:3 | Reached skill level 23 in Summonings
 68267 | Depths:3 | Reached XP level 22. HP: 140/161 MP: 33/42
 68834 | Depths:3 | Acquired 448 gold pieces
 68975 | Depths:3 | Reached skill level 24 in Summonings
 69630 | Depths:3 | Learned a level 4 spell: Dispel Undead
 69639 | Depths:4 | Entered Level 4 of the Depths
 69676 | Depths:4 | Reached skill level 17 in Spellcasting
 70577 | Depths:4 | Reached skill level 11 in Stealth
 70915 | Depths:4 | Noticed a golden dragon
 70922 | Depths:4 | Reached skill level 25 in Summonings
 70923 | Depths:4 | Killed a golden dragon
 70964 | Depths:4 | Found a gate to the Realm of Zot.
 71306 | Depths:4 | Upgraded the game from 0.32-a0-841-g4648e6c457 to
                  | 0.32-a0-859-gb0a091d592
 71599 | Slime:1  | Entered Level 1 of the Pits of Slime
 71611 | Slime:1  | Reached skill level 12 in Stealth
 72561 | Slime:3  | Gained mutation: You are weak. (Str -2) [a shining eye]
 72565 | Slime:3  | Reached XP level 23. HP: 167/167 MP: 25/44
 74113 | Slime:5  | Entered Level 5 of the Pits of Slime
 74116 | Slime:5  | Gained mutation: You occasionally lose the ability to drink
                  | potions when taking damage. [a shining eye]
 74136 | Slime:5  | Noticed the Royal Jelly
 74142 | Slime:5  | Killed the Royal Jelly
 74264 | Slime:5  | Gained mutation: You sometimes lose your temper in combat.
                  | [a shining eye]
 74271 | Slime:5  | Gained mutation: Armour fits poorly on your strangely
                  | shaped body. [a shining eye]
 74272 | Slime:5  | Reached skill level 26 in Summonings
 74327 | Slime:5  | Identified a scarf of resistance
 74372 | Slime:5  | Got a slimy rune of Zot
 74382 | Slime:5  | Identified the ring "Ciegemig" {rElec MP+9 Dex+2}
 74442 | Slime:5  | Got the Spellbook of Blasting
 74457 | Slime:5  | Identified the +0 pair of boots of Darkness {rCorr Dex+4}
 74461 | Slime:5  | Got the Catalogue of Support
 74523 | Slime:5  | Identified the +1 triple sword "Ysaudet" {protect, rPois
                  | rN+++ rCorr Str-2}
 75891 | Zot:1    | Entered Level 1 of the Realm of Zot
 75921 | Zot:1    | Reached skill level 11 in Fighting
 75926 | Zot:1    | Reached skill level 13 in Stealth
 76029 | Zot:1    | Identified the +9 shortbow "Ruich's Bane" {freeze, ^Fragile
                  | rPois Dex+7}
 76214 | Zot:1    | Noticed an electric golem
 76231 | Zot:1    | Killed an electric golem
 76957 | Zot:2    | Reached skill level 11 in Dodging
 76971 | Zot:2    | Reached skill level 14 in Stealth
 77286 | Zot:2    | Noticed a curse toe
 77309 | Zot:2    | Killed a curse toe
 77310 | Zot:2    | Reached skill level 12 in Fighting
 77375 | Zot:2    | Lost mutation: Armour fits poorly on your strangely shaped
                  | body. [potion of mutation]
 77375 | Zot:2    | Lost mutation: You occasionally lose the ability to drink
                  | potions when taking damage. [potion of mutation]
 77375 | Zot:2    | Gained mutation: Your spells are a little easier to cast,
                  | but a little less powerful. [potion of mutation]
 77375 | Zot:2    | Gained mutation: You occasionally shout uncontrollably at
                  | your foes. [potion of mutation]
 77376 | Zot:2    | Lost mutation: Your spells are a little easier to cast, but
                  | a little less powerful. [potion of mutation]
 77376 | Zot:2    | Lost mutation: You sometimes lose your temper in combat.
                  | [potion of mutation]
 77376 | Zot:2    | Gained mutation: You are clumsy. (Dex -2) [potion of
                  | mutation]
 77376 | Zot:2    | Gained mutation: You are strong-willed. (Will+) [potion of
                  | mutation]
 77660 | Zot:3    | Noticed a Killer Klown
 77858 | Zot:3    | Reached skill level 15 in Stealth
 77858 | Zot:3    | Killed a Killer Klown
 78018 | Zot:3    | Reached XP level 24. HP: 148/180 MP: 35/44
 78034 | Zot:3    | Reached skill level 12 in Dodging
 78455 | Zot:3    | Identified a +1 buckler of resistance
 78462 | Zot:3    | Noticed a Killer Klown
 78470 | Zot:3    | Reached skill level 16 in Stealth
 78477 | Zot:3    | Killed a Killer Klown
 78766 | Zot:4    | Noticed a Killer Klown
 78769 | Zot:4    | Killed a Killer Klown
 78773 | Zot:4    | Reached skill level 13 in Fighting
 78884 | Zot:4    | Reached skill level 13 in Dodging
 78890 | Zot:4    | Noticed an orb of fire
 78897 | Zot:4    | Identified the +0 chain mail of the Winnowing Gods {rF+
                  | Dex+5}
 78923 | Zot:4    | Reached skill level 17 in Stealth
 79273 | Zot:4    | Gained mutation: You are dopey. (Int -2) [an orb of fire]
 79279 | Zot:4    | Gained mutation: You frequently scream uncontrollably at
                  | your foes. [an orb of fire]
 79281 | Zot:4    | Killed an orb of fire
 79455 | Zot:4    | Noticed a Killer Klown
 79464 | Zot:4    | Killed a Killer Klown
 79478 | Zot:4    | Noticed an electric golem
 79479 | Zot:4    | Noticed an electric golem
 79499 | Zot:4    | Killed an electric golem
 79503 | Zot:4    | Killed an electric golem
 79719 | Zot:5    | Entered Level 5 of the Realm of Zot
 79728 | Zot:5    | Noticed a Killer Klown
 79782 | Zot:5    | Killed a dread lich
 79784 | Zot:5    | Noticed an orb of fire
 79785 | Zot:5    | Noticed an orb of fire
 79786 | Zot:5    | Noticed an ancient lich
 79797 | Zot:5    | Killed an orb of fire
 79809 | Zot:5    | Noticed a Killer Klown
 79814 | Zot:5    | Reached skill level 18 in Stealth
 79818 | Zot:5    | Killed a Killer Klown
 79819 | Zot:5    | Noticed an orb of fire
 79824 | Zot:5    | Noticed a Killer Klown
 79826 | Zot:5    | Noticed a Killer Klown
 79843 | Zot:5    | Noticed a dread lich
 80018 | Zot:5    | Killed an electric golem
 80021 | Zot:5    | Killed an orb of fire
 80184 | Zot:5    | Reached skill level 14 in Dodging
 80184 | Zot:5    | Killed a Killer Klown
 80189 | Zot:5    | Noticed an orb of fire
 80189 | Zot:5    | Noticed a curse toe
 80209 | Zot:5    | Noticed an electric golem
 80209 | Zot:5    | Killed a curse toe
 80216 | Zot:5    | Noticed a Killer Klown
 80222 | Zot:5    | Killed an electric golem
 80223 | Zot:5    | Killed a Killer Klown
 80234 | Zot:5    | Noticed a Killer Klown
 80240 | Zot:5    | Reached skill level 14 in Fighting
 81056 | Zot:5    | Got the Orb of Zot
 81510 | D:$      | Escaped with the Orb!

Vanquished Creatures
  An orb of fire (Zot:4)
  2 Killer Klowns (Zot:3)
  Bai Suzhen (Shoals:3)
  3 golden dragons
  A tentacled monstrosity (Zot:3)
  Zenata (Vaults:1)
  An Orb Guardian (Zot:5)
  2 liches
  A titan (Depths:3)
  2 acid blobs (Slime:5)
  A quicksilver dragon (Depths:4)
  A walking frostbound tome (Depths:4)
  3 sphinxes
  A death cob (Zot:2)
  A kraken (Shoals:2)
  A tengu reaver (Vaults:4)
  2 storm dragons
  2 rockslimes (Slime:5)
  A draconian knight (Zot:4)
  5 azure jellies (Slime:5)
  A draconian shifter (Zot:3)
  3 draconian monks
  6 fire giants
  A draconian scorcher (Zot:3)
  A deep elf sorcerer (Elf:3)
  A deep elf elementalist (Elf:3)
  3 vault wardens
  4 emperor scorpions
  4 ghost moths
  2 frost giants
  2 broodmothers
  5 ironbound preservers
  2 orc warlords (Vaults:4)
  2 formless jellyfish
  4 ironbound thunderhulks
  4 quicksilver oozes (Slime:5)
  5 stone giants
  5 very ugly things
  A vampire knight (Depths:3)
  2 deep elf demonologists (Elf:3)
  A deep elf death mage (Elf:3)
  4 white draconians
  2 deep elf annihilators
  2 purple draconians
  Nessos (Lair:3)
  2 dire elephants
  2 spark wasps
  A merfolk javelineer (Shoals:2)
  An eidolon (Vaults:3)
  2 fire dragons (Depths:1)
  2 ettins
  2 entropy weavers
  2 deep elf high priests (Elf:3)
  4 yaktaur captains
  6 vault guards
  A rakshasa (D:15)
  2 great orbs of eyes
  3 hydras
  3 ice dragons
  A spriggan air mage (Depths:2)
  A peacekeeper (Vaults:3)
  6 ironbound frosthearts
  2 jorogumos
  6 centaur warriors
  Erica (D:8)
  A two-headed ogre (D:10)
  An alligator snapping turtle (Shoals:1)
  A merfolk avatar (Shoals:4)
  3 boulder beetles
  A vampire mage (Depths:3)
  10 dancing weapons
  3 death yaks (Lair:4)
  An orc high priest (Vaults:4)
  A deep troll shaman (Depths:3)
  2 demonic crawlers
  A spriggan berserker (Depths:1)
  2 hell knights (Depths:4)
  Sonja (D:13)
  5 deep elf knights
  A sun demon (Depths:2)
  2 iron trolls
  A skyshark (Shoals:2)
  3 sea snakes
  2 skeletal warriors (D:14)
  2 pharaoh ants (Spider:2)
  14 deep trolls
  2 orb spiders
  An arcanist (Vaults:4)
  A glowing orange brain (Vaults:4)
  A sun moth (shapeshifter) (Depths:2)
  A lindwurm (shapeshifter) (D:13)
  2 lindwurms (Vaults:2)
  4 steelbarb worms
  2 deep elf archers
  2 harpies
  A thermic dynamo (Elf:1)
  A necromancer (Depths:1)
  3 deep elf zephyrmancers
  3 ironbound convokers
  An oklob plant (Gauntlet)
  12 deep elf pyromancers
  8 ugly things
  2 fauns (Shoals:3)
  7 wolf spiders
  A centaur zombie (D:12)
  2 manticores (Shoals:4)
  A shining eye (shapeshifter) (Depths:2)
  17 nameless horrors
  8 moths of wrath
  2 merfolk sirens
  A fire giant skeleton (Depths:1)
  5 vault sentinels
  A meliai (D:15)
  A water nymph (Lair:2)
  Joseph (D:8)
  5 black mambas
  A gargoyle (D:13)
  7 cane toads
  A torpor snail (Lair:5)
  A kobold demonologist (D:13)
  A tengu conjurer (D:15)
  2 rime drakes
  8 yaktaurs
  Psyche (D:8)
  4 merfolk
  A merfolk (shapeshifter) (Depths:2)
  5 wind drakes
  A polar bear (Lair:4)
  10 blink frogs
  9 tarantellas
  5 snapping turtles
  A centaur simulacrum (Gauntlet)
  14 slime creatures
  6 jumping spiders
  4 culicivoras
  A shadow (D:12)
  A spriggan (Depths:1)
  4 wyverns
  4 water elementals
  A warg (Orc:2)
  5 vampires
  A basilisk (D:14)
  59 yaks
  3 wraiths
  5 vampire mosquitoes
  22 redbacks
  Edmund (D:4)
  8 water moccasins
  3 orc warriors
  A sky beast (D:6)
  5 black bears
  9 wolves
  10 centaurs
  5 ogres
  2 lemures (D:4)
  10 bullfrogs
  A scorpion (D:7)
  2 wights (D:7)
  A killer bee (D:10)
  6 electric eels
  8 howler monkeys
  A bombardier beetle (D:5)
  An orc priest (D:14)
  2 hounds
  3 jellies
  3 iguanas
  12 orc wizards
  5 gnolls
  3 adders
  An ufetubus (D:5)
  2 dart slugs
  A ribbon worm (D:5)
  23 orcs
  2 ball pythons
  2 endoplasms
  A giant cockroach (D:4)
  5 hobgoblins
  A jackal (D:1)
  2 kobolds (D:7)
  3 quokkas
  3 bats
  A frilled lizard (D:2)
  4 goblins
  2 goblin zombies (D:7)
  A rat (D:1)
  2 tentacles (Shoals:2)
654 creatures vanquished.

Vanquished Creatures (collateral kills)
  An orb of fire (Zot:5)
  4 Killer Klowns
  Saint Roka (Elf:3)
  A curse toe (Zot:2)
  A caustic shrike (Depths:2)
  Nikola (Elf:3)
  3 golden dragons
  Arachne (Spider:4)
  4 electric golems
  10 tentacled monstrosities
  2 walking crystal tomes
  2 liches
  A walking earthen tome (Depths:2)
  2 deep elf blademasters
  A walking divine tome (Depths:3)
  2 quicksilver dragons
  7 Orb Guardians (Zot:5)
  2 sphinxes
  13 acid blobs
  5 death cobs
  10 shadow dragons
  11 storm dragons
  Roxanne (Shoals:2)
  3 fire giants
  7 azure jellies
  Donald (Elf:2)
  Ilsuiw (Shoals:2)
  6 draconian knights
  Aizul (Shoals:1)
  3 rockslimes
  3 draconian monks
  3 emperor scorpions
  3 deep elf sorcerers
  6 frost giants
  2 protean progenitors (Zot:3)
  8 draconian shifters
  4 vault wardens
  5 draconian scorchers
  3 draconian stormcallers
  A balrug (Depths:3)
  4 deep elf elementalists (Elf:3)
  A cacodemon (Gauntlet)
  2 iron dragons
  2 ghost moths
  2 orc warlords
  7 ironbound preservers
  9 stone giants
  2 broodmothers
  13 quicksilver oozes
  2 draconian annihilators
  6 ironbound thunderhulks
  11 very ugly things
  2 grey draconians (Depths:4)
  3 deep elf demonologists (Elf:3)
  3 deep elf death magi (Elf:3)
  7 vampire knights
  6 formless jellyfish
  9 black draconians
  7 deep elf annihilators (Elf:3)
  7 green draconians
  7 yellow draconians
  6 dire elephants
  10 white draconians
  A war gargoyle (Vaults:4)
  7 red draconians
  A minotaur (Gauntlet)
  7 spark wasps
  4 purple draconians
  3 merfolk impalers
  4 ettins
  6 merfolk javelineers
  An entropy weaver (shapeshifter) (D:15)
  8 fire dragons
  A crystal guardian (Vaults:3)
  6 entropy weavers
  7 great orbs of eyes
  3 deep elf high priests (Elf:3)
  3 yaktaur captains
  2 rakshasas (Depths:3)
  12 ice dragons
  4 vault guards
  2 ogre magi (Orc:2)
  3 peacekeepers
  The ghost of smashvw the Grappler, a novice TrFi of Okawaru (D:9)
  Erolcha (D:11)
  4 radroaches
  2 hydras
  A merfolk avatar (Shoals:3)
  4 catoblepae
  A merfolk aquamancer (Shoals:4)
  2 ironbound frosthearts (Vaults:3)
  An alligator snapping turtle (Shoals:4)
  17 dancing weapons
  A jorogumo (Spider:4)
  3 spriggan air magi
  7 centaur warriors
  9 two-headed ogres
  2 boulder beetles
  A satyr (Shoals:3)
  4 tengu warriors
  8 death yaks
  4 deep troll shamans
  5 demonic crawlers
  A vampire mage (Depths:3)
  8 deep troll earth magi
  Urug (D:12)
  12 hell knights
  4 spriggan berserkers
  3 occultists
  2 sun demons (Depths:3)
  An orc high priest (Orc:2)
  A storm dragon zombie (Depths:3)
  7 deep elf knights
  5 skeletal warriors
  3 skysharks
  3 iron trolls
  4 pharaoh ants
  11 sea snakes
  A sun moth (shapeshifter) (Depths:3)
  3 swamp dragons (Depths:4)
  11 orb spiders
  2 sun moths (Spider:4)
  A golden dragon zombie (Depths:3)
  2 flayed ghosts
  A glowing orange brain (Depths:4)
  4 arcanists
  33 deep trolls
  3 deep elf archers
  8 orc knights
  2 deep trolls (shapeshifter)
  6 lindwurms
  6 steelbarb worms
  8 necromancers
  A thermic dynamo (Elf:1)
  6 ironbound convokers
  An obsidian bat (Orc:1)
  3 golden dragon skeletons
  Pikel (D:3)
  9 wolf spiders
  9 deep elf pyromancers
  30 harpies
  4 cyclopes
  16 deep elf zephyrmancers
  A shining eye (shapeshifter) (Vaults:4)
  20 ugly things
  5 fauns
  A faun (shapeshifter) (Depths:3)
  4 orc sorcerers
  14 moths of wrath
  14 manticores
  5 shining eyes
  8 vault sentinels
  2 merfolk sirens
  7 centaur zombies (D:12)
  A titan simulacrum (Depths:1)
  2 gargoyles
  An eye of devastation (Slime:1)
  A cane toad (shapeshifter) (Depths:2)
  5 torpor snails
  A smoke demon (Depths:1)
  5 cane toads
  A rime drake (Lair:1)
  A komodo dragon (Lair:5)
  Maggie (D:7)
  A hellion (Depths:1)
  2 kobold demonologists (D:14)
  An efreet (D:13)
  3 freezing wraiths
  15 yaktaurs
  3 tengu conjurers
  8 merfolk
  A polar bear (Lair:2)
  10 trolls
  4 wind drakes
  7 hornets
  24 tarantellas
  8 snapping turtles
  2 glass eyes
  2 dream sheep (Shoals:3)
  3 blink frogs
  19 jumping spiders
  2 centaur simulacra (Gauntlet)
  2 shadows (D:12)
  An air elemental (Elf:2)
  4 spriggans (Depths:1)
  4 wraiths (D:12)
  4 wyverns
  A vampire (D:12)
  14 water elementals
  89 slime creatures
  12 culicivoras
  A ynoxinul (D:9)
  21 yaks
  A fire elemental (Elf:1)
  7 golden eyes
  3 neqoxecs (Gauntlet)
  3 wargs
  42 redbacks
  A basilisk (D:13)
  A chaos spawn (Depths:3)
  3 acid dragons
  6 water moccasins
  16 nameless horrors
  A human skeleton (Depths:3)
  A glowing shapeshifter skeleton (Depths:3)
  2 ice beasts
  19 ogres
  13 orc warriors
  3 laughing skulls (D:15)
  3 centaurs
  2 wolves (Lair:2)
  2 lemures (D:4)
  A kobold brigand (D:7)
  A bullfrog (Lair:3)
  2 gnoll sergeants
  An earth elemental (Elf:2)
  A scorpion (Lair:2)
  A hornet simulacrum (Gauntlet)
  6 wights (D:7)
  3 killer bees (D:10)
  2 electric eels
  8 howler monkeys
  7 hounds
  A jelly (Lair:5)
  A bombardier beetle (D:4)
  9 orc priests
  2 gnoll boudas
  3 iguanas
  11 orc wizards
  A boggart zombie (D:12)
  16 gnolls
  6 adders
  A shadow imp (D:3)
  A white imp (D:8)
  3 dart slugs (D:1)
  A ribbon worm (D:5)
  43 orcs
  3 endoplasms
  4 giant cockroaches
  6 goblins
  3 hobgoblins
  3 quokkas
  4 ball pythons
  2 bats
  3 frilled lizards
  14 kobolds
  4 rats
  A tentacle (Shoals:2)
1350 creatures vanquished.

Vanquished Creatures (others)
  the Royal Jelly (Slime:5)
  An ancient lich (Zot:5)
  An orb of fire (Zot:5)
  A dread lich (Zot:5)
  A Killer Klown (Zot:5)
  A curse toe (Zot:5)
  An electric golem (Zot:5)
  A tentacled monstrosity (Zot:5)
  13 Orb Guardians (Zot:5)
  A lich (Depths:3)
  2 storm dragons (Zot:5)
  A draconian knight (Zot:5)
  A draconian monk (Zot:5)
  A draconian shifter (Zot:5)
  A deep elf sorcerer (Elf:3)
  2 fire giants
  A green draconian (Zot:5)
  2 purple draconians (Zot:5)
  A black draconian (Zot:5)
  A red draconian (Zot:5)
  A merfolk impaler (Shoals:4)
  A merfolk avatar (Shoals:4)
  2 deep elf knights (Elf:2)
  An orb spider (Spider:3)
  A harpy (Shoals:4)
  A moth of wrath (Zot:1)
  A water nymph (Shoals:4)
  2 merfolk sirens (Shoals:4)
  2 redbacks (Spider:3)
  2 orcs (D:10)
  95 blazeheart cores
  15 snaplasher vines
  8 tentacles (Shoals:2)
167 creatures vanquished.

Grand Total: 2171 creatures vanquished

Table legend: (Time is in decaauts)
 A = Elapsed time spent in this place.
 B = Non-inter-level travel time spent in this place.
 C = Inter-level travel time spent in this place.
 D = Time resting spent in this place.
 E = Time spent auto-exploring this place.
 F = Levels seen in this place.
 G = Mean time per level.
                   A        B        C        D        E       F      G
               +--------+--------+--------+--------+--------+-----+--------+
         Total |  80347 |  75896 |   4451 |  23497 |  26168 |  52 | 1545.1 |
       Dungeon |  23303 |  21658 |   1645 |   7850 |   8434 |  15 | 1553.5 |
          Lair |   9683 |   9184 |    499 |   3447 |   3730 |   5 | 1936.6 |
        Shoals |   7194 |   6909 |    285 |   2818 |   1786 |   4 | 1798.5 |
   Spider Nest |   8056 |   7841 |    215 |   3575 |   1293 |   4 | 2014.0 |
    Slime Pits |   3881 |   3765 |    116 |    196 |   2639 |   5 |  776.2 |
  Orcish Mines |   3362 |   3178 |    184 |   1260 |   1065 |   2 | 1681.0 |
   Elven Halls |   5138 |   4873 |    265 |   1150 |   1047 |   3 | 1712.7 |
        Vaults |   6479 |   6024 |    455 |    413 |   2828 |   4 | 1619.8 |
        Depths |   6773 |   6326 |    447 |   1266 |   1716 |   4 | 1693.2 |
           Zot |   5178 |   4840 |    338 |    919 |   1541 |   5 | 1035.6 |
      Gauntlet |   1295 |   1295 |      0 |    603 |     89 |   1 | 1295.0 |
               +--------+--------+--------+--------+--------+-----+--------+

Top non-repeatable levels by time:
Spider:4: 2911 daAuts
    D:12: 2801 daAuts
Shoals:1: 2761 daAuts
  Lair:5: 2660 daAuts
     D:7: 2231 daAuts
  Lair:2: 2196 daAuts
Shoals:2: 2139 daAuts
Spider:2: 2131 daAuts
Depths:2: 2112 daAuts
   Orc:1: 1965 daAuts
   Elf:3: 1954 daAuts
    D:10: 1934 daAuts
  Lair:1: 1890 daAuts
     D:4: 1889 daAuts
   Elf:2: 1889 daAuts

Table legend:
 A = Non-vault XP
 B = Vault XP
 C = Vault XP percentage of total XP
 D = Non-vault monster count
 E = Vault monster count
 F = Vault count percentage of total count
                 A         B        C        D         E       F
            +---------+---------+-------+---------+---------+-------
      Total |  722808 |  383613 |  34.7 |    1407 |     540 |  27.7
            +---------+---------+-------+---------+---------+-------
        D:1 |      32 |       7 |  17.9 |      15 |       5 |  25.0
        D:2 |      28 |      18 |  39.1 |      10 |      10 |  50.0
        D:3 |      47 |     607 |  92.8 |      19 |       1 |   5.0
        D:4 |     236 |     206 |  46.6 |      19 |       5 |  20.8
        D:5 |     439 |     722 |  62.2 |      16 |      12 |  42.9
        D:6 |    1911 |       0 |   0.0 |      33 |       0 |   0.0
        D:7 |    1431 |     464 |  24.5 |      36 |       5 |  12.2
        D:8 |    2318 |    1610 |  41.0 |      20 |       3 |  13.0
        D:9 |    1676 |    1062 |  38.8 |      13 |       2 |  13.3
       D:10 |    2755 |       0 |   0.0 |      28 |       0 |   0.0
       D:11 |    1618 |     246 |  13.2 |      21 |       1 |   4.5
       D:12 |    5742 |   10525 |  64.7 |      21 |      25 |  54.3
       D:13 |    8602 |    5096 |  37.2 |      18 |       6 |  25.0
       D:14 |    7570 |       0 |   0.0 |      19 |       0 |   0.0
       D:15 |   12422 |    3040 |  19.7 |      21 |       5 |  19.2
     Lair:1 |    5754 |       0 |   0.0 |      25 |       0 |   0.0
     Lair:2 |   11867 |    1461 |  11.0 |      47 |       5 |   9.6
     Lair:3 |    4219 |    2062 |  32.8 |      18 |       5 |  21.7
     Lair:4 |   10867 |       0 |   0.0 |      35 |       0 |   0.0
     Lair:5 |    7011 |   11031 |  61.1 |      19 |      25 |  56.8
   Shoals:1 |   11059 |    1326 |  10.7 |      21 |       1 |   4.5
   Shoals:2 |   10546 |    9074 |  46.2 |      21 |       9 |  30.0
   Shoals:3 |   15625 |    3112 |  16.6 |      29 |       1 |   3.3
   Shoals:4 |    9332 |   11814 |  55.9 |      18 |      22 |  55.0
   Spider:1 |   17052 |       0 |   0.0 |      46 |       0 |   0.0
   Spider:2 |   20432 |       0 |   0.0 |      52 |       0 |   0.0
   Spider:3 |   20432 |       0 |   0.0 |      45 |       0 |   0.0
   Spider:4 |   22536 |   21044 |  48.3 |      43 |      37 |  46.2
    Slime:1 |    9706 |       0 |   0.0 |      19 |       0 |   0.0
    Slime:2 |   11802 |       0 |   0.0 |      24 |       0 |   0.0
    Slime:3 |    7117 |       0 |   0.0 |      16 |       0 |   0.0
    Slime:4 |    9388 |       0 |   0.0 |      19 |       0 |   0.0
    Slime:5 |   17249 |   24742 |  58.9 |      39 |      20 |  33.9
      Orc:1 |    2436 |    1284 |  34.5 |      31 |       5 |  13.9
      Orc:2 |    2342 |   13602 |  85.3 |      22 |      34 |  60.7
      Elf:1 |   10507 |    2220 |  17.4 |      17 |       5 |  22.7
      Elf:2 |   15709 |   25425 |  61.8 |      25 |      32 |  56.1
      Elf:3 |   15130 |   37512 |  71.3 |      21 |      47 |  69.1
   Vaults:1 |   28161 |   13948 |  33.1 |      38 |      18 |  32.1
   Vaults:2 |   19120 |   12681 |  39.9 |      36 |      15 |  29.4
   Vaults:3 |   13635 |   22806 |  62.6 |      21 |      32 |  60.4
   Vaults:4 |   32331 |   26927 |  45.4 |      39 |      32 |  45.1
   Depths:1 |   31211 |       0 |   0.0 |      42 |       0 |   0.0
   Depths:2 |   15719 |   16309 |  50.9 |      18 |      15 |  45.5
   Depths:3 |   38388 |   53789 |  58.4 |      54 |      52 |  49.1
   Depths:4 |   42386 |   21892 |  34.1 |      46 |      23 |  33.3
      Zot:1 |   35074 |       0 |   0.0 |      30 |       0 |   0.0
      Zot:2 |   26248 |       0 |   0.0 |      22 |       0 |   0.0
      Zot:3 |   62901 |       0 |   0.0 |      49 |       0 |   0.0
      Zot:4 |   42496 |    3956 |   8.5 |      30 |       2 |   6.2
      Zot:5 |   20193 |   17631 |  46.6 |      21 |      11 |  34.4
   Gauntlet |       0 |    4362 | 100.0 |       0 |      12 | 100.0
            +---------+---------+-------+---------+---------+-------
